Cogmind - Beta 10.2 @@@ ROGUE MODE // 2021.07.16 @ 11:05:19 Player: Lily Result: Destroyed by G-34 Mercenary with Small Laser Performance ------------- Evolutions (0) 0 Regions Visited (1) 200 Robots Destroyed (20) 100 Value Destroyed (269) 269 Prototype IDs (0) 0 Alien Tech Used (0) 0 Bonus (0) 0 TOTAL SCORE: 569 Bonus ------- None Cogmind --------- Core Integrity 0/250 Matter 246/300 Energy 248/250 System Corruption 0% Temperature Cool (6) Movement Walking (150) Ox1 Location -10/Materials Parts ------- > --- POWER (1) -------- Ion Engine > --- PROPULSION (2) --- Aluminum Leg Aluminum Leg > --- UTILITY (2) ------ Large Storage Unit Large Storage Unit > --- WEAPON (2) ------- Light Assault Rifle Light Assault Rifle > --- INVENTORY (16) --- Ion Engine Light Ion Engine Aluminum Leg Aluminum Leg Aluminum Leg Aluminum Leg Aluminum Leg Flight Unit Small Storage Unit Small Matter Pod (50) Large Matter Pod (150) High-capacity Matter Pod (0) Light Assault Rifle Light Assault Rifle Peak State ------------ > --- POWER ------------ Ion Engine > --- PROPULSION ------- Aluminum Leg Aluminum Leg > --- UTILITY ---------- Improved Terrain Scanner Seismic Analyzer > --- WEAPON ----------- EM Pulse Gun Medium Laser > --- INVENTORY -------- Small Storage Unit Medium Laser [Rating: 8] Favorites ----------- Power Ion Engine Engine Ion Engine Propulsion Aluminum Leg Leg Aluminum Leg Utility Large Storage Unit Device Improved Terrain Scanner Storage Large Storage Unit Processor Seismic Analyzer Weapon Medium Laser Energy Gun Medium Laser Ballistic Gun Light Assault Rifle Special Melee Weapon Datajack Build | -11 -10 ------- Run | Scr Mat Slots Evolved . | . . Power . | . . Propulsion . | . . Utility . | . . Weapon . | . . Parts Attached 22 | 8 14 Power 3 | 1 2 Engine 3 | 1 2 Core . | . . Reactor . | . . Propulsion 5 | 2 3 Treads . | . . Leg 5 | 2 3 Wheel . | . . Hover . | . . Flight . | . . Utility 5 | 3 2 Device 2 | 2 . Storage 2 | . 2 Processor 1 | 1 . Hackware . | . . Protection . | . . Artifact . | . . Weapon 9 | 2 7 Energy Gun 6 | 2 4 Energy Cannon . | . . Ballistic Gun 2 | . 2 Ballistic Cannon . | . . Launcher . | . . Special Weapon . | . . Impact Weapon . | . . Slashing Weapon . | . . Piercing Weapon . | . . Special Melee Weapon 1 | . 1 Unidentified Prototypes . | . . Parts Lost 8 | . 8 Power 1 | . 1 Propulsion . | . . Utility . | . . Weapon 7 | . 7 Highest Loss Streak 5 | . 5 Average Slot Usage (%) 96 | . 96 Engine 14 | . 14 Leg 28 | . 28 Storage 26 | . 26 Energy Gun 19 | . 19 Ballistic Gun 5 | . 5 Naked Turns . | . . Heaviest Build 41 | 10 41 Greatest Support 20 | 20 20 Greatest Overweight (x) 2 | . 2 Average Overweight (x) . | . 1 Largest Inventory Capacity 16 | 4 16 Average Capacity 12 | 4 15 Most Carried 15 | 4 15 Average Carried 6 | 2 8 Final Capacity 16 | 4 16 Final Carried 14 | 3 14 Class Distribution -------------------- 100% | Mutant Dominant Class ---------------- Mutant | -10/Materials Resources | -11 -10 ----------- Run | Scr Mat Matter Collected 536 | 327 209 Remotely 100 | 100 . Salvage Created 613 | 237 376 Parts 43 | 18 25 Haulers Intercepted . | . . Recyclers Shooed 1 | . 1 Parts Field Recycled . | . . Retrieved Matter . | . . Parts Self-Destructed . | . . Prevented . | . . Kills | -11 -10 ------- Run | Scr Mat Combat Hostiles Destroyed 8 | . 8 Melee 3 | . 3 Guns 5 | . 5 Classes Destroyed 7 | 3 4 Worker 5 | 2 3 Builder 1 | . 1 Tunneler 4 | 4 . Recycler 1 | 1 . Watcher 1 | . 1 Swarmer 4 | . 4 Grunt 4 | . 4 Best Kill Streak 6 | 5 6 Combat Bots Only 3 | . 3 Max Kills in Single Turn 1 | 1 1 Gunslinging . | . . Exploded . | . . Melee 1 | . 1 Uniques/NPCs Destroyed . | . . Combat | -11 -10 -------- Run | Scr Mat Damage Taken 1127 | . 1127 Core 256 | . 256 Absorbed by Shields . | . . Core Remaining (%) 100 | 100 . Volleys Fired 80 | 19 61 Largest 2 | 2 2 Hottest 90 | 90 90 Shots Fired 127 | 25 102 Gun 127 | 25 102 Cannon . | . . Launcher . | . . Special . | . . Kinetic 34 | . 34 Thermal 47 | 6 41 Explosive . | . . Electromagnetic 46 | 19 27 Robot Hit Streak 6 | 5 6 Robot Miss Streak 5 | 1 5 Penetration Max . | . . Secondary Targets . | . . Shots Hit Robots 71 | 17 54 Core Hits 38 | 8 30 Critical Hits . | . . Critical Kills . | . . Critical Parts Destroyed . | . . Melee Attacks . | . . Impact . | . . Slashing . | . . Piercing . | . . Sneak Attacks . | . . Combat Hostiles . | . . Follow-up Attacks . | . . Damage Inflicted 918 | 240 678 Guns 857 | 240 617 Cannons . | . . Explosions . | . . Melee . | . . Ramming 61 | . 61 Kinetic 136 | . 136 Thermal 308 | 25 283 Explosive . | . . Electromagnetic 413 | 215 198 Impact . | . . Slashing . | . . Piercing . | . . Highest Corruption . | . . Average Corruption . | . . Corruption Purged . | . . Overload Shots . | . . Overflow Damage . | . . Projectiles . | . . Explosions . | . . Melee . | . . Knockbacks . | . . Impact . | . . Kinetic . | . . Secondary . | . . Self-Inflicted Damage 21 | . 21 Shots . | . . Rammed 8 | . 8 Targets Rammed 15 | . 15 Kicked 7 | . 7 Crushed . | . . Highest Temperature 323 | 120 323 Average Temperature 99 | 51 107 Received Heat Transfer 336 | . 336 Effects 2 | . 2 Energy Bleed 1 | . 1 Interference 1 | . 1 Siege Activations . | . . Robots Corrupted . | . . Combat Hostiles . | . . Parts Fried 1 | 1 . Impact Corruptions . | . . Robots Melted . | . . Combat Hostiles . | . . Parts Melted 1 | . 1 Heat Transferred 865 | 74 791 Parts Sabotaged . | . . Parts Stolen . | . . Parts Stripped . | . . Power Chain Reactions . | . . Missiles Intercepted . | . . Alert | -11 -10 ------- Run | Scr Mat Peak Influence 155 | 35 155 Initial . | . . Average 47 | 26 55 Maximum Alert Level . | . . Low Security (%) 100 | 100 100 Level 1 . | . . Level 2 . | . . Level 3 . | . . Level 4 . | . . Level 5 . | . . High Security . | . . Max Security . | . . Squads Dispatched 2 | . 2 Investigation 2 | . 2 Extermination . | . . Reinforcement . | . . Assault . | . . Garrison . | . . Intercept . | . . Construction Impeded . | . . Haulers Reinforced . | . . Stealth | -11 -10 --------- Run | Scr Mat Distress Signals 1 | . 1 Communications Jammed . | . . Distress Signals . | . . Times Spotted 23 | . 23 Peak Tracking Total 5 | . 5 Tactical Retreats 1 | . 1 Traps | -11 -10 ------- Run | Scr Mat Traps Triggered . | . . Indirectly . | . . Trap Hack Attempts . | . . Triggered . | . . Disarmed . | . . Reprogrammed 5 | . 5 Reused . | . . Traps Extracted . | . . Installed . | . . Triggered . | . . Machines | -11 -10 ---------- Run | Scr Mat Machines Disabled 2 | . 2 Max in Single Turn 1 | . 1 Machines Sabotaged . | . . Garrisons Compromised . | . . Overloaded Fab Kills . | . . Fab Network Shutdowns . | . . Hacking | -11 -10 --------- Run | Scr Mat Machines Accessed 8 | . 8 Terminals 6 | . 6 Fabricators . | . . Repair Stations 1 | . 1 Recycling Units 1 | . 1 Scanalyzers . | . . Garrison Access . | . . Total Hacks 30 | . 30 Successful 21 | . 21 Failed 9 | . 9 Catastrophic . | . . Database Lockouts . | . . Manual 2 | . 2 Terminals 24 | . 24 Fabricators . | . . Repair Stations 3 | . 3 Recycling Units 3 | . 3 Scanalyzers . | . . Garrison Access . | . . Terminal Hacks 17 | . 17 Record 5 | . 5 Alert Level 3 | . 3 Locate Traps 2 | . 2 Reprogram Traps 3 | . 3 Transport Status 1 | . 1 Reinforcement Status 1 | . 1 Recall Reinforcements 1 | . 1 Hauler Manifests 1 | . 1 Fabricator Hacks . | . . Repair Station Hacks 1 | . 1 Scan Component 1 | . 1 Recycling Unit Hacks 3 | . 3 Report Inventory 2 | . 2 Retrieve Components 1 | . 1 Scanalyzer . | . . Garrison Access Hacks . | . . Unauthorized Hacks . | . . Terminals . | . . Fabricators . | . . Repair Stations . | . . Recycling Units . | . . Scanalyzers . | . . Garrison Access . | . . Data Cores Recovered . | . . Used . | . . Hacking Detections 7 | . 7 Full Trace Events 4 | . 4 Feedback Events . | . . Feedback Blocked . | . . Robot Schematics Acquired . | . . Robots Built . | . . Matter . | . . Time . | . . Total Robot Build Rating . | . . Part Schematics Acquired . | . . Parts Built . | . . Matter . | . . Time . | . . Total Part Build Rating . | . . Parts Repaired . | . . Time . | . . Parts Recycled . | . . Recycled Matter . | . . Retrieved Matter . | . . Retrieved Components 2 | . 2 Parts Scanalyzed . | . . Part Schematics Acquired . | . . Parts Damaged . | . . Bothacking | -11 -10 ------------ Run | Scr Mat Used RIF Installer . | . . Robots Hacked . | . . Non-combat . | . . Combat . | . . Robot Hacks Applied . | . . Relay Couplers Released . | . . Robots Rewired . | . . Allies Hacked . | . . Hacks Repelled . | . . Allies | -11 -10 -------- Run | Scr Mat Total Allies . | . . Largest Group . | . . Highest-Rated Group . | . . Highest-Rated Ally . | . . Total Orders . | . . Ally Attacks . | . . Total Damage . | . . Kills . | . . Allies Corrupted . | . . Allies Melted . | . . Intel | -11 -10 ------- Run | Scr Mat Robot Analysis Total . | . . Derelict Logs Recovered . | . . Drone Launches . | . . Drone Recoveries . | . . Exploration | -11 -10 ------------- Run | Scr Mat Turns Passed 1535 | 412 1123 Spaces Moved 772 | 302 470 Core 16 | 16 . Treads . | . . Legs 756 | 286 470 Wheels . | . . Hover . | . . Flight . | . . Fastest Speed 50 | 50 120 Average Speed 144 | 116 161 Slowest Speed 180 | 120 180 Overloaded Moves . | . . Propulsion Burnouts . | . . Robots Hopped . | . . Cave-ins Triggered . | . . Exploration Rate (%) 36 | 12 60 Regions Visited 1 Branch Regions . Pre-discovered Areas . | . . Known Exits Taken . | . . Unknown Exits Taken 1 | 1 . Scrap Searched . | . . Spaces Dug . | . . Terrain Destroyed . | . . Melee . | . . Projectile . | . . AOE . | . . Terrain Rammed . | . . Walls Destroyed . | . . Machines Disabled . | . . Actions | -11 -10 --------- Run | Scr Mat Total 1072 | 337 735 Wait 147 | . 147 Move 771 | 301 470 Hop . | . . Pick Up 29 | 8 21 Fast Attach 3 | 3 . Attach 19 | 5 14 Detach 6 | . 6 Swap . | . . Drop 2 | 1 1 Fire 80 | 19 61 Melee . | . . Ram . | . . Kick 15 | . 15 Crush . | . . Escape Stasis . | . . Rewire . | . . Trap . | . . Miscellaneous . | . . Route ------- -11/Scrapyard -10/Materials (discovered 2 exits: [*Mat] / [*Min]) History --------- Turn | Location | Event 2 | -11/Scrapyard | Met Revision 17 4 | -11/Scrapyard | Discovered new exit (range 16) 413 | -11/Scrapyard | Entered Materials 414 | -10/Materials | Build established: Mutant 1195 | -10/Materials | Core integrity fell below 50% 1232 | -10/Materials | Core integrity fell below 20% 1264 | -10/Materials | Lost 5 parts (1p4w) 1291 | -10/Materials | Discovered new exit (range 15) 1365 | -10/Materials | Discovered new exit (range 6) 1536 | -10/Materials | Destroyed by G-34 Mercenary with Small Laser Last Messages --------------- 01496_ Connecting with Terminal... >>Traps(Reprogram) Reprogrammed 1 Alarm Trap. >>Traps(Reprogram) Reprogrammed 4 Alarm Traps. >>Traps(Reprogram) No applicable traps found in local area. >>Alert(Check) Current Alert Level: Low Security >>Traps(Locate) Found 5 traps in 2 arrays: 4x Alarm Trap 1x Alarm Trap Map updated. 01496_ ALERT: Suspicious activity at Terminal M008. Dispatching Investigation squad. 01516_ S-10 Pest destroyed. 01531_ R-06 Scavenger collects Flight Unit. 01534_ R-06 Scavenger collects Lgt. Assault Rifle. 01535_ K-01 Serf collects debris. Map ----- +----------------------------------------------------+ | """ """"" #????????????????????????????????????? | | """ """"" #????????????????????????????????????? | | """ """"" ########## ??????????????????????? | | "" """ ^^ ??????????????????????? | | ^^ ??????????????????????? | | ^^ ! ??????????????????????? | | """ ########## ??????????????????????? | | """""% # #?????????????????????????????? | | """"" + """ #?????????????????????????????? | | """"" # """ #?????????????????????????????? | | """ # """ #???????#?????????????????????? | | # #??????? ?????????????????????? | | # #??????? ?????????????????????? | | #########?????? ?????????????????????? | | ######### # #????? ?????????????????????? | | + # " """ #????? ?????????????????????? | | """ # # T """ #????? ???????^?????????????? | | """ # + " """ ######/####??????????????????? | | """ # # """ # k ???????????????????? | | ^ # # """ # ????????????????????? | | """ ^ # #| # % ?????????????????????? | | ^ """ # ######### ##r####??????????????????? | | """ ^ # ##"T"#### #%s #??????????????????? | | # # ] #??????????????????? | | ??####### g #??????????????????? | | ????##??# """"" #@ |= #??????????????????? | | ?#?#????# """"" #/ |= #??????????????????? | | #?????### """"" # == #??????????????????? | | ##??????# # #??????????????????? | | !##?????# #### #######??????????????????? | | !#####??# #??# #????????????????????????? | | ##??##?# ##+###??# #????????????????????????? | | #?#???### #????????# #????????????????????????? | | "#???????# ?????????# #????????????????????????? | | "#???????# ??????????? #????????????????????????? | | "##?#???## ???????????? #????????????????????????? | | #?##?#??# ???????????? ?????????????????????????? | | #????#?#?????????????? ?????????????????????????? | | #????????????????????? ?????????????????????????? | | #????????????????????? ?????????????????????????? | | #????????????????????? ?????????????????????????? | | ##????#??????????????????????????????????????????? | | #???????#????????????????????????????????????????? | | #????????????????????????????????????????????????? | | ##?#?????????????????????????????????????????????? | | ###??????????????????????????????????????????????? | | ""#????#?#???????????????????????????????????????? | | T"#??????????????????????????????????????????????? | | ""#??????#???????????????????????????????????????? | | ###??????????????????????????????????????????????? | +----------------------------------------------------+ Best States ------------- Heat Dissipation 25 Energy Generation 10 Energy Capacity 250 Matter Stores 300 Matter Capacity 300 Sight Range 16 Terrain Scan Range 16 Terrain Scan Density 60 Evasion (%) 50 Item Schematics ----------------- None Robot Schematics ------------------ None Fabricated ------------ Nothing Alien Tech Used ----------------- None Achievements -------------- Fist Fight Use The Force Challenges ------------ None Game ------ Seed 1 Manual? 1 Play Time 00:29:17 Cumulative 1.2 hours Start 2021.07.16 @ 10:35:36 End 2021.07.16 @ 11:05:19 Sessions 1 Manual Loads 0 Difficulty Rogue Special Mode None Game No. 3 Rogue 2 Adventurer 1 Explorer 0 Win Type - Total 0 Types 0/0/0/0/0/0/0/0/0 Lore% 2 Gallery% 4 Achievement% 6 Wizard Run 0 Options --------- ASCII 1 Keyboard 0 Movement Mouse Keybinds 0 Fullscreen 1 Font 18/SmallcapsGlow Map View 76x50 Tactical HUD 1 Map Filters NONE Filters NONE Steam 1 RUN: b30db3bf-d632-4695-8fa4-0ed6ad572a14